[Event "Titled Tuesday Blitz May 18 2021"]
[White "Baklan, Vladimir"]
[Black "Bortnyk, Olexandr"]
[WhiteFideId "14102196"]
[BlackFideId "14120828"]
[WhiteElo "2596"]
[BlackElo "2723"]
[Result "1/2-1/2"]
[Round "10"]
[TimeControl "180+1"]
[Date "2021.05.18"]
[WhiteClock "0:00:10"]
[BlackClock "0:00:11"]

1. e4 Nf6 2. e5 Nd5 3. d4 d6 4. c4 Nb6 5. exd6 exd6 6. Nc3 Be7 7. Bd3 O-O 8. Nge2 Bg4 9. Be3 Nc6 10. b3 Bf6 11. f3 Bh4+ 12. Ng3 Qe7 13. Kf2 f5 14. Re1 Bh5 15. Kg1 Bg6 16. d5 Ne5 17. f4 Nxd3 18. Qxd3 Nd7 19. Bxa7 Ne5 20. Qd4 b6 21. Nb5 Rae8 22. fxe5 dxe5 23. d6 cxd6 24. Qxd6 Qg5 25. Rxe5 Rd8 26. Qe6+ Kh8 27. Bxb6 Ra8 28. Qd5 Qf6 29. Rf1 Qxb6+ 30. Kh1 f4 31. Nf5 Bf6 32. Re6 Qa5 33. Nfd6 Qxa2 34. h3 h6 35. Ne4 Bf7 36. Nxf6 Bxe6 37. Qxe6 Rxf6 38. Qd5 Raf8 39. Nd4 Qd2 40. b4 Qxb4 41. Ne6 Re8 42. Nc7 Ref8 43. Ne6 Rc8 44. c5 Qb5 45. Rd1 Qc6 46. Qxc6 Rxc6 47. Rd8+ Kh7 48. Nf8+ Rxf8 49. Rxf8 Rxc5 50. Rxf4 Kg6 51. Rf3 h5 52. Kh2 Kg5 53. Kh1 g6 54. Kh2 Kh6 55. Ra3 Rb5 56. Rf3 Kg5 57. Kh1 Rb2 58. Kh2 Rc2 59. Kh1 Rc5 60. Kh2 Rd5 61. Kh1 Rf5 62. Rxf5+ Kxf5 63. Kg1 Kf4 64. Kf2 h4 65. Kf1 Ke3 66. Ke1 g5 67. Kf1 Ke4 68. Ke2 Kf4 69. Kf2 g4 70. hxg4 Kxg4 71. Kg1 Kg3 72. Kh1 h3 73. gxh3 Kxh3 1/2-1/2


[Site "https://www.chess.com"]

[Event "Titled Tuesday Blitz May 18 2021"]
[White "Costachi, Mihnea"]
[Black "Sanal, Vahap"]
[WhiteFideId "1217518"]
[BlackFideId "6300545"]
[WhiteElo "2479"]
[BlackElo "2507"]
[Result "0-1"]
[Round "10"]
[TimeControl "180+1"]
[Date "2021.05.18"]
[WhiteClock "0:01:17"]
[BlackClock "0:01:34"]

1. d4 Nf6 2. c4 e6 3. Nf3 d5 4. Nc3 Be7 5. Bg5 O-O 6. cxd5 Nxd5 7. Bxe7 Qxe7 8. e4 Nxc3 9. bxc3 c5 10. Bd3 Nc6 11. O-O Rd8 12. d5 Na5 13. c4 e5 14. Nd2 b6 15. f4 exf4 16. Qf3 Qe5 17. Nb3 Nxb3 18. axb3 g5 19. g3 Bh3 20. gxf4 Qd4+ 21. Kh1 g4 22. Qg3 Bxf1 23. Rxf1 Kh8 24. e5 Rg8 25. f5 f6 26. e6 a5 27. Bc2 a4 28. bxa4 Qxc4 29. Bb3 Qxf1+ 30. Qg1 Qf3+ 31. Qg2 Qxb3 32. d6 Qd1+ 33. Qg1 Qd5+ 34. Qg2 Qd1+ 35. Qg1 Qxd6 36. Qg3 Qxg3 37. hxg3 Rxa4 0-1


[Site "https://www.chess.com"]

[Event "Titled Tuesday Blitz May 18 2021"]
[White "Davtyan, Artur"]
[Black "Jobava, Baadur"]
[WhiteFideId "13308327"]
[BlackFideId "13601520"]
[WhiteElo "2311"]
[BlackElo "2748"]
[Result "1-0"]
[Round "10"]
[TimeControl "180+1"]
[Date "2021.05.18"]
[WhiteClock "0:00:24"]
[BlackClock "0:00:02"]

1. d4 Nf6 2. Nf3 b6 3. g3 Bb7 4. Bg2 e6 5. c4 Bb4+ 6. Bd2 Bxd2+ 7. Qxd2 O-O 8. Nc3 Ne4 9. Qc2 Nxc3 10. Qxc3 Be4 11. O-O d5 12. Rac1 c6 13. Ne5 Bxg2 14. Kxg2 f6 15. Nd3 Na6 16. Nf4 Re8 17. cxd5 cxd5 18. a3 Qd7 19. Qc6 Rad8 20. Nd3 Nb8 21. Qxd7 Rxd7 22. Rc2 Kf7 23. Rfc1 Ke7 24. h4 Red8 25. b4 Rb7 26. b5 a6 27. a4 a5 28. h5 Nd7 29. Nf4 Nf8 30. Rc7+ Rxc7 31. Rxc7+ Rd7 32. Rc3 Rb7 33. Rc6 Kd7 34. Kf3 g5 35. hxg6 hxg6 36. g4 g5 37. Nh5 Ke7 38. e4 dxe4+ 39. Kxe4 Nd7 40. f4 Rb8 41. f5 exf5+ 42. Kxf5 Rd8 43. Nxf6 Nxf6 44. Re6+ Kf7 45. Rxf6+ Kg7 46. Ke5 Rc8 47. Rc6 Re8+ 48. Re6 Rc8 49. Rxb6 Rc4 50. Ra6 Rxa4 51. Kd5 1-0


[Site "https://www.chess.com"]

[Event "Titled Tuesday Blitz May 18 2021"]
[White "Deac, Bogdan-Daniel"]
[Black "Abdrlauf, Elham"]
[WhiteFideId "1226380"]
[BlackFideId "1533533"]
[WhiteElo "2605"]
[BlackElo "2326"]
[Result "1-0"]
[Round "10"]
[TimeControl "180+1"]
[Date "2021.05.18"]
[WhiteClock "0:00:03"]
[BlackClock "0:00:05"]

1. e4 c6 2. d4 d5 3. f3 e6 4. Nc3 Nf6 5. Be3 b6 6. a3 Be7 7. Qd2 Bb7 8. e5 Nfd7 9. f4 c5 10. Nf3 Nc6 11. h4 cxd4 12. Nxd4 Nxd4 13. Bxd4 Bxh4+ 14. Bf2 Bxf2+ 15. Qxf2 a6 16. O-O-O Qc7 17. Bd3 O-O-O 18. Ne2 Nc5 19. Nd4 Kb8 20. Kb1 h5 21. Rh3 g6 22. Be2 Ne4 23. Qe1 Rhg8 24. Bd3 g5 25. f5 Qxe5 26. Bxa6 exf5 27. Rxh5 Qg3 28. Bxb7 Qxe1 29. Rxe1 Kxb7 30. Nxf5 Rd7 31. Rh3 g4 32. Rd3 Rg5 33. Rxe4 Rxf5 34. Rxg4 Rf1+ 35. Ka2 Rf2 36. c3 f5 37. Rg6 Ka6 38. Rd4 Ka7 39. Ra4+ Kb7 40. Rb4 Kc7 41. Rbxb6 d4 42. Rbc6+ Kd8 43. cxd4 Rxd4 44. Rg8+ Kd7 45. Rb6 Rdd2 46. g3 Rg2 47. Rg7+ Kc8 48. Rg5 Rdf2 49. Rb5 Re2 50. Rgxf5 Rxg3 51. Rfc5+ Kd7 52. Rb3 Rgg2 53. Rcc3 Kd6 54. Rb4 Kd5 55. a4 Kd6 56. a5 Rg8 57. a6 Ree8 58. Rb6+ Kd5 59. a7 Ra8 60. Rb7 Rg6 61. Rcc7 Ra6+ 62. Kb3 Kd6 63. Kb4 Ra1 64. b3 Rb1 65. Ka4 Ra1+ 66. Kb5 Rb1 67. b4 Rb2 68. Rh7 Rb1 69. Rb8 Rxa7 70. Rxa7 Ra1 71. Rxa1 Kd5 72. Ra6 Ke5 73. Rc6 Kd4 74. Rd8+ 1-0


[Site "https://www.chess.com"]

[Event "Titled Tuesday Blitz May 18 2021"]
[White "Erigaisi Arjun"]
[Black "Vysochin, Spartak"]
[WhiteFideId "35009192"]
[BlackFideId "14103516"]
[WhiteElo "2609"]
[BlackElo "2388"]
[Result "1-0"]
[Round "10"]
[TimeControl "180+1"]
[Date "2021.05.18"]
[WhiteClock "0:00:31"]
[BlackClock "0:00:17"]

1. b3 d5 2. Bb2 Bg4 3. f3 Bh5 4. h4 f6 5. d4 e5 6. dxe5 fxe5 7. Bxe5 Nc6 8. Bb2 Nf6 9. g4 Bf7 10. e3 Bc5 11. Bd4 Qe7 12. Kf2 O-O 13. c3 Rae8 14. Bb5 Bxd4 15. exd4 Qe3+ 16. Kg2 Nxg4 17. Qd2 Bg6 18. Qb2 Qf4 19. Nd2 Ne3+ 20. Kf2 Bh5 21. Rh3 a6 22. Bd3 Ng4+ 23. Kg2 Re3 24. Qc2 Ne7 25. Nf1 Nf5 26. Bxf5 Rxf5 27. fxg4 Qxg4+ 28. Rg3 Rxg3+ 29. Nxg3 Rf3 30. Nxf3 Qxf3+ 31. Kh2 Bg4 32. Rf1 Qe3 33. Qf2 Qe7 34. Nf5 Qd8 35. Qf4 h5 36. Qe5 Qd7 37. Ne7+ Kh7 38. Rf7 1-0


[Site "https://www.chess.com"]

[Event "Titled Tuesday Blitz May 18 2021"]
[White "Goltsev, Dmitry"]
[Black "Alavi, Sayed Javad"]
[WhiteFideId "24176710"]
[BlackFideId "12500607"]
[WhiteElo "2366"]
[BlackElo "2495"]
[Result "1-0"]
[Round "10"]
[TimeControl "180+1"]
[Date "2021.05.18"]
[WhiteClock "0:01:52"]
[BlackClock "0:00:35"]

1. e4 c6 2. Nf3 d5 3. Nc3 dxe4 4. Nxe4 Nf6 5. Nxf6+ exf6 6. Bc4 Bd6 7. Qe2+ Qe7 8. Qxe7+ Kxe7 9. d4 Re8 10. Be3 Kf8 11. h3 Bf5 12. Kd2 Be4 13. Ne1 Nd7 14. f3 Nb6 15. Bb3 Bd5 16. Nd3 Nc4+ 17. Bxc4 Bxc4 18. Bf4 Bxf4+ 19. Nxf4 Rad8 20. c3 c5 21. b3 Ba6 22. Rhe1 cxd4 23. Rxe8+ Kxe8 24. Re1+ Kf8 25. c4 b6 26. Nd5 Bb7 27. Nb4 a5 28. Nc2 d3 29. Na3 Bc8 30. Re3 Bf5 31. g4 Bg6 32. f4 f5 33. g5 Rd4 34. Rf3 Bh5 35. Rf2 Be2 36. Nb5 Rd6 37. Nxd6 1-0


[Site "https://www.chess.com"]

[Event "Titled Tuesday Blitz May 18 2021"]
[White "Hansen, Eric"]
[Black "Mirzoev, Azer"]
[WhiteFideId "2606771"]
[BlackFideId "13400304"]
[WhiteElo "2568"]
[BlackElo "2525"]
[Result "1-0"]
[Round "10"]
[TimeControl "180+1"]
[Date "2021.05.18"]
[WhiteClock "0:00:02"]
[BlackClock "0:00:02"]

1. Nf3 d5 2. g3 c6 3. Bg2 Bg4 4. O-O Nd7 5. d3 Ngf6 6. c4 e6 7. b3 Be7 8. Bb2 O-O 9. Nbd2 Bh5 10. Rc1 a5 11. a3 Re8 12. Rc2 Bd6 13. Qa1 Qe7 14. Re1 e5 15. Nh4 Qd8 16. h3 Bg6 17. Nxg6 hxg6 18. cxd5 cxd5 19. Rec1 Qe7 20. d4 e4 21. Nf1 Nf8 22. Ne3 Ne6 23. Qa2 Qd8 24. Bc3 Qb6 25. Qb2 Qa7 26. Rd1 Qb8 27. Be1 Qd8 28. b4 axb4 29. axb4 Qb6 30. Qb3 Qb5 31. Bc3 Rec8 32. Rb1 Kf8 33. h4 Qa4 34. b5 Qxb3 35. Rxb3 Ke8 36. Rd2 Ra3 37. Rxa3 Bxa3 38. Nd1 Bd6 39. Ra2 Kd7 40. e3 Nc7 41. Bh3+ Ne6 42. Ra7 Kc7 43. Ra1 Kb8 44. Kf1 Rh8 45. Ke2 Re8 46. Kd2 Rc8 47. Rb1 Rh8 48. Nb2 1-0


[Site "https://www.chess.com"]

[Event "Titled Tuesday Blitz May 18 2021"]
[White "Khanin, Semen"]
[Black "Martirosyan, Haik M."]
[WhiteFideId "4111990"]
[BlackFideId "13306553"]
[WhiteElo "2521"]
[BlackElo "2656"]
[Result "0-1"]
[Round "10"]
[TimeControl "180+1"]
[Date "2021.05.18"]
[WhiteClock "0:00:03"]
[BlackClock "0:01:14"]

1. c4 c5 2. Nc3 Nc6 3. Nf3 d6 4. d4 cxd4 5. Nxd4 g6 6. g3 Bg7 7. Be3 Nf6 8. Bg2 Bd7 9. O-O h5 10. h3 Qc8 11. Nd5 Bxh3 12. Nc7+ Qxc7 13. Bxh3 h4 14. Nb5 Qd8 15. Bg2 a6 16. Nd4 Ne5 17. Qa4+ Kf8 18. Bxb7 Nfg4 19. Bf4 Rb8 20. Qxa6 Qc7 21. Bd5 Kg8 22. Nb5 Qd7 23. Qa7 Qd8 24. gxh4 e6 25. Bg5 Bf6 26. Bxf6 Nxf6 27. Bg2 Nfg4 28. f3 Nh6 29. Rfd1 Nxc4 30. b3 Rxb5 31. bxc4 Rh5 32. Qd4 e5 33. Qxd6 Qxh4 34. Qd8+ Kg7 35. Qxh4 Rxh4 36. Rac1 Nf5 37. Kf2 Rc8 38. c5 Ra4 39. Rc2 Nd4 40. Rc3 Rxa2 41. Bf1 Ra5 42. Rdc1 Rc6 43. Rc4 Ne6 44. Re4 Rcxc5 45. Rxc5 Nxc5 46. Rc4 Ne6 47. e3 Ra2+ 48. Kg3 Ra3 49. Kf2 Kf6 50. Be2 Ng7 51. Rc6+ Ne6 52. Rc4 Ke7 53. Rc6 Kd7 54. Rb6 Kc7 55. Rb4 Ng7 56. Rb5 f6 57. Rb4 Nf5 58. Rc4+ Kd6 59. e4 Nd4 60. Rb4 Ra2 61. Rb6+ Ke7 62. Rb7+ Kf8 63. Rb8+ Kg7 64. Rb7+ Kh6 65. f4 Rxe2+ 66. Kg3 Rxe4 0-1


[Site "https://www.chess.com"]

[Event "Titled Tuesday Blitz May 18 2021"]
[White "Kosteniuk, Alexandra"]
[Black "Timofeev, Artyom"]
[WhiteFideId "4128125"]
[BlackFideId "4140419"]
[WhiteElo "2521"]
[BlackElo "2582"]
[Result "0-1"]
[Round "10"]
[TimeControl "180+1"]
[Date "2021.05.18"]
[WhiteClock "0:00:04"]
[BlackClock "0:00:23"]

1. e4 d5 2. exd5 Nf6 3. Nf3 Nxd5 4. d4 g6 5. c4 Nf6 6. Nc3 Bg7 7. h3 O-O 8. Be3 b6 9. Be2 Bb7 10. O-O Nbd7 11. Qc1 e6 12. Re1 c5 13. Nb5 a6 14. Nd6 Bc6 15. Rd1 Qc7 16. dxc5 bxc5 17. Rb1 Ne4 18. Nxe4 Bxe4 19. Ra1 Rab8 20. Rd2 Qb7 21. Qd1 Bc6 22. Bf4 e5 23. Bg3 Rbe8 24. Rb1 e4 25. Ne1 e3 26. fxe3 Rxe3 27. Bf2 Re7 28. Bf3 Ne5 29. Bxc6 Qxc6 30. Rd5 Nxc4 31. Rxc5 Qe6 32. Nf3 Nxb2 33. Qc2 Qxa2 34. Nd4 Rb7 35. Nc6 Qb3 36. Qxb3 Rxb3 37. Ne7+ Kh8 38. Ra5 Ra8 39. Nc6 Rd3 40. Nb4 Rd6 41. Bc5 Re6 42. Ra2 Nc4 43. Nd5 Rc6 44. Bf2 h5 45. Nb4 Rd6 46. Rc1 Ne5 47. Rc7 a5 48. Nc2 Rd2 49. Nb4 Rxa2 50. Nxa2 a4 51. Bd4 Kg8 52. Kf2 Nd3+ 53. Ke3 Bxd4+ 54. Kxd4 Nf4 55. g3 Nxh3 56. Ke5 Ng5 57. Kf4 Ne6+ 0-1


[Site "https://www.chess.com"]

[Event "Titled Tuesday Blitz May 18 2021"]
[White "Kovalev, Vladislav"]
[Black "Nakamura, Hikaru"]
[WhiteFideId "13504398"]
[BlackFideId "2016192"]
[WhiteElo "2573"]
[BlackElo "2900"]
[Result "1-0"]
[Round "10"]
[TimeControl "180+1"]
[Date "2021.05.18"]
[WhiteClock "0:00:06"]
[BlackClock "0:00:07"]

1. e4 c5 2. Be2 d5 3. d3 e5 4. exd5 Qxd5 5. Bf3 Qd8 6. Ne2 Bd6 7. O-O Ne7 8. Nd2 Nbc6 9. Nc4 Bc7 10. a4 O-O 11. Re1 Be6 12. c3 Qd7 13. Be3 b6 14. a5 Rad8 15. axb6 axb6 16. Qa4 Bd5 17. Bxd5 Nxd5 18. Qb5 f5 19. Bg5 Rde8 20. Ne3 Nxe3 21. Bxe3 f4 22. Bc1 f3 23. Ng3 fxg2 24. Be3 Kh8 25. Ra4 Rf6 26. Rh4 Qf7 27. Ne4 Rg6 28. Ng5 Rxg5 29. Bxg5 Qg6 30. Bc1 Rf8 31. Be3 Qf6 32. Qc4 Nd4 33. cxd4 exd4 34. Bxd4 cxd4 35. Qxd4 Qf7 36. Re2 Bd8 37. Rg4 Bf6 38. Qe4 g6 39. Kxg2 Rd8 40. h3 Kg7 41. Qf3 Qd7 42. Rge4 Qxd3 43. Qxd3 Rxd3 44. Rb4 Rd6 45. Rb5 Kf7 46. Kf3 Bd4 47. Rd2 Rf6+ 48. Ke4 Bxf2 49. Rd7+ Ke6 50. Rxh7 Bc5 51. Rb3 Rf1 52. Rh6 Re1+ 53. Kf3 Kf5 54. Rh7 Rf1+ 55. Ke2 Rf2+ 56. Kd1 Rh2 57. Rf7+ Ke4 58. Rff3 Rg2 59. Rfc3 Rg1+ 60. Kc2 Rg2+ 61. Kb1 Rh2 62. Rc4+ Kf5 63. Rd3 Ke5 64. Rc2 Rh1+ 65. Rc1 Rg1 66. Rxg1 Bxg1 67. Rg3 1-0


[Site "https://www.chess.com"]

[Event "Titled Tuesday Blitz May 18 2021"]
[White "Lazavik, Denis"]
[Black "Firat, Burak"]
[WhiteFideId "13515110"]
[BlackFideId "6305881"]
[WhiteElo "2436"]
[BlackElo "2531"]
[Result "1-0"]
[Round "10"]
[TimeControl "180+1"]
[Date "2021.05.18"]
[WhiteClock "0:00:05"]
[BlackClock "0:00:06"]

1. d4 d5 2. c4 c6 3. Nf3 Nf6 4. e3 Bf5 5. Nc3 e6 6. Nh4 Be4 7. f3 Bg6 8. Qb3 Qd7 9. Bd2 Be7 10. Nxg6 hxg6 11. O-O-O O-O 12. Kb1 Rd8 13. h4 c5 14. dxc5 Bxc5 15. cxd5 exd5 16. Bd3 Nc6 17. Ne2 Ne5 18. Bc3 Qe7 19. Bd4 Bxd4 20. Nxd4 Nxd3 21. Rxd3 Rac8 22. g4 Rc5 23. a3 Rdc8 24. Rd2 Ne4 25. Rdh2 Nf6 26. h5 g5 27. Nf5 Qc7 28. Ka2 Kh7 29. Qd3 Kg8 30. h6 g6 31. h7+ Kh8 32. Qd4 Qb6 33. Nh6 R5c7 34. Qxb6 axb6 35. f4 Ne4 36. f5 gxf5 37. Nxf5 f6 38. Rd1 Rd8 39. Rdh1 Rdd7 40. Nd4 Rxh7 41. Ne6 Rxh2 42. Rxh2+ Rh7 43. Rc2 Re7 44. Rc8+ Kh7 45. Nd4 Nc5 46. Nf5 Rd7 47. Rf8 Kg6 48. Rg8+ Kf7 49. Rg7+ Ke6 50. Nd4+ Kd6 51. Rg8 Ne6 52. Nf5+ Ke5 53. Re8 Rc7 54. Nd4 Rc6 55. Nxc6+ bxc6 56. a4 f5 57. gxf5 Kxf5 58. b4 g4 59. a5 g3 60. Rg8 Ng5 61. axb6 g2 62. b7 g1=Q 63. b8=Q Qf2+ 64. Kb3 Qxe3+ 65. Ka4 Qd3 66. Rf8+ Kg4 67. Qf4+ Kh5 68. Rh8+ Kg6 69. Rg8+ Kh7 70. Rxg5 Qb5+ 71. Kb3 Qd3+ 72. Kb2 Qe2+ 73. Kc1 Qe1+ 74. Kc2 Qe2+ 75. Qd2 Qc4+ 76. Kb2 d4 77. Qh2# 1-0


[Site "https://www.chess.com"]

[Event "Titled Tuesday Blitz May 18 2021"]
[White "Le, Tuan Minh"]
[Black "Dubov, Daniil"]
[WhiteFideId "12401153"]
[BlackFideId "24126055"]
[WhiteElo "2450"]
[BlackElo "2722"]
[Result "1-0"]
[Round "10"]
[TimeControl "180+1"]
[Date "2021.05.18"]
[WhiteClock "0:00:14"]
[BlackClock "0:00:03"]

1. d4 Nf6 2. Nf3 c5 3. c3 d5 4. Bf4 cxd4 5. cxd4 Qb6 6. Qb3 Qxb3 7. axb3 Nc6 8. Nc3 e6 9. e3 Bd7 10. Bd3 Bb4 11. Ke2 O-O 12. Rhc1 Rfc8 13. Nb5 Ne8 14. Ne5 Nxe5 15. Bxe5 a6 16. Nc3 f6 17. Bg3 Bd6 18. e4 Bxg3 19. hxg3 dxe4 20. Nxe4 Bc6 21. Nc5 Nd6 22. Bc4 Nxc4 23. bxc4 Bxg2 24. f3 Bh3 25. b3 e5 26. Nxb7 exd4 27. Rd1 Rc7 28. Nd6 h5 29. Rxd4 Rb8 30. Ra3 Rc6 31. Ne4 Rcb6 32. Nd2 Bf5 33. Kf2 Kh7 34. Ra5 Bg6 35. Rc5 Re6 36. g4 hxg4 37. Rxg4 Rbe8 38. Rh4+ Kg8 39. Kg3 Re2 40. Rd4 R8e7 41. Rc8+ Kf7 42. Rc6 Rb7 43. c5 Bc2 44. Nc4 Kg6 45. Rg4+ Kh6 46. Rh4+ Kg6 47. Rb6 Rc7 48. Rg4+ Kh6 49. b4 Bf5 50. Rh4+ Kg6 51. Nd6 Be6 52. Rxa6 Rb2 53. Re4 Bd5 54. Rd4 Be6 55. Nb5 Re7 56. Re4 Kf7 57. Nd6+ Kg6 58. Nb5 Kf7 59. Nd4 Bc4 60. Rxe7+ Kxe7 61. Ra7+ Kf8 62. b5 Bxb5 63. Rb7 Rb4 64. Nxb5 Rc4 65. Rc7 Kg8 66. Nd6 Rc3 67. c6 Kh7 68. Nf5 Kg6 69. Nxg7 f5 70. Ne6 Kh5 71. Nf4+ Kg5 72. Rg7+ Kf6 73. Nd5+ Kxg7 74. Nxc3 1-0


[Site "https://www.chess.com"]

[Event "Titled Tuesday Blitz May 18 2021"]
[White "Murzin, Volodar"]
[Black "Indjic, Aleksandar"]
[WhiteFideId "44155573"]
[BlackFideId "911925"]
[WhiteElo "2541"]
[BlackElo "2643"]
[Result "0-1"]
[Round "10"]
[TimeControl "180+1"]
[Date "2021.05.18"]
[WhiteClock "0:00:01"]
[BlackClock "0:00:35"]

1. e4 c5 2. Nf3 d6 3. d4 cxd4 4. Qxd4 Nf6 5. Be2 Nbd7 6. O-O e5 7. Qe3 Nc5 8. Nc3 Be7 9. Rd1 Qc7 10. Bb5+ Bd7 11. Bxd7+ Ncxd7 12. Qe2 a6 13. Bg5 Rc8 14. Rac1 O-O 15. Bxf6 Nxf6 16. Nd5 Nxd5 17. Rxd5 f5 18. c3 fxe4 19. Qxe4 Rf4 20. Qe2 Qc6 21. Rdd1 Rcf8 22. Rc2 b5 23. Qd2 e4 24. Nd4 Qc4 25. Qe1 Qxa2 26. g3 R4f7 27. Qxe4 Bf6 28. Nc6 Rd7 29. Nb4 Qf7 30. Nd5 Kh8 31. Re2 Rdd8 32. Qe6 Qg6 33. Nf4 Qh6 34. Qe4 Be5 35. Nd5 Rde8 36. Rde1 Bxg3 37. Qg4 Qxh2+ 0-1


[Site "https://www.chess.com"]

[Event "Titled Tuesday Blitz May 18 2021"]
[White "Naroditsky, Daniel"]
[Black "Abdusattorov, Nodirbek"]
[WhiteFideId "2026961"]
[BlackFideId "14204118"]
[WhiteElo "2608"]
[BlackElo "2662"]
[Result "1-0"]
[Round "10"]
[TimeControl "180+1"]
[Date "2021.05.18"]
[WhiteClock "0:00:05"]
[BlackClock "0:00:15"]

1. b3 Nf6 2. Bb2 c5 3. e3 Nc6 4. Nf3 e6 5. d4 b6 6. Bd3 Bb7 7. O-O Be7 8. Nbd2 O-O 9. a3 d5 10. c4 Rc8 11. Rc1 cxd4 12. exd4 Re8 13. Re1 Bf8 14. c5 a5 15. Bb5 bxc5 16. dxc5 Nd7 17. b4 axb4 18. Bxc6 Bxc6 19. axb4 Rb8 20. Bc3 Qc7 21. Ne5 Bb5 22. Nxd7 Qxd7 23. Qg4 Bd3 24. Nf3 Bf5 25. Qg3 Rec8 26. h4 h5 27. Qg5 f6 28. Bxf6 Rxb4 29. Ne5 Qe8 30. c6 d4 31. Nd7 d3 32. Bxg7 Bxg7 33. Nf6+ Kf7 34. Nxe8 Rxe8 35. c7 Rc8 36. Qd8 e5 37. Qd5+ Kg6 38. Rc6+ Bf6 39. Qd6 1-0


[Site "https://www.chess.com"]

[Event "Titled Tuesday Blitz May 18 2021"]
[White "Nesterov, Arseniy"]
[Black "Paichadze, Luka"]
[WhiteFideId "24198455"]
[BlackFideId "13602934"]
[WhiteElo "2441"]
[BlackElo "2537"]
[Result "1-0"]
[Round "10"]
[TimeControl "180+1"]
[Date "2021.05.18"]
[WhiteClock "0:00:07"]
[BlackClock "0:00:29"]

1. d4 Nf6 2. c4 e6 3. Nf3 Bb4+ 4. Bd2 c5 5. Bxb4 cxb4 6. g3 O-O 7. Bg2 d6 8. O-O Nc6 9. a3 Qb6 10. axb4 Nxb4 11. Nc3 Bd7 12. e4 Bc6 13. d5 Bd7 14. e5 dxe5 15. Nxe5 Rfd8 16. Qe2 exd5 17. cxd5 Be8 18. Rfd1 a5 19. g4 h6 20. h4 Nd7 21. Nc4 Qf6 22. Nxa5 Ra7 23. Ne4 Qxh4 24. Nd6 Nf6 25. Naxb7 Rxa1 26. Rxa1 Rb8 27. Qc4 Nxg4 28. Qf4 Nd3 29. Qg3 Qxg3 30. fxg3 Bd7 31. b3 Nb4 32. Ra7 Ne3 33. Nc5 Bg4 34. Nxf7 Nxg2 35. Kxg2 Nxd5 36. Ne5 Bd1 37. Ne6 Ne3+ 38. Kg1 Nf5 39. g4 Bxg4 40. Nxg4 Rxb3 41. Ne5 Re3 42. Ra8+ Kh7 43. Nf8+ Kh8 44. Nfg6+ 1-0


[Site "https://www.chess.com"]

[Event "Titled Tuesday Blitz May 18 2021"]
[White "Oparin, Grigoriy"]
[Black "Cunjalo, Faris"]
[WhiteFideId "24125890"]
[BlackFideId "14410710"]
[WhiteElo "2628"]
[BlackElo "2234"]
[Result "1-0"]
[Round "10"]
[TimeControl "180+1"]
[Date "2021.05.18"]
[WhiteClock "0:01:46"]
[BlackClock "0:00:23"]

1. d4 Nf6 2. Nf3 e6 3. c4 d5 4. g3 Bb4+ 5. Nbd2 O-O 6. Bg2 dxc4 7. Qc2 b5 8. a4 bxa4 9. O-O Bb7 10. Nxc4 Nbd7 11. Bg5 h6 12. Bxf6 Nxf6 13. Nce5 Be4 14. Qxa4 c5 15. Rfd1 Qe7 16. dxc5 Bxc5 17. Nd7 Nxd7 18. Rxd7 Qe8 19. Rad1 Bd5 20. Ne5 Bxg2 21. Kxg2 Qb8 22. Qf4 Qxb2 23. Rxf7 Qxe2 24. Rdd7 1-0


[Site "https://www.chess.com"]

[Event "Titled Tuesday Blitz May 18 2021"]
[White "Pantsulaia, Levan"]
[Black "Tari, Aryan"]
[WhiteFideId "13602071"]
[BlackFideId "1510045"]
[WhiteElo "2530"]
[BlackElo "2656"]
[Result "1/2-1/2"]
[Round "10"]
[TimeControl "180+1"]
[Date "2021.05.18"]
[WhiteClock "0:00:07"]
[BlackClock "0:00:05"]

1. g3 g6 2. Bg2 Bg7 3. Nf3 d5 4. c4 dxc4 5. Na3 e5 6. O-O e4 7. Ne1 f5 8. Nxc4 Be6 9. Ne3 Nf6 10. d3 O-O 11. Qc2 Nc6 12. dxe4 Nd4 13. Qd1 Nxe4 14. Nd3 Qe7 15. Nc2 Rad8 16. Be3 c5 17. Nxd4 Bxd4 18. Bxd4 Rxd4 19. Qc1 c4 20. Qe3 Qd6 21. Nf4 Bf7 22. Bxe4 fxe4 23. h4 b5 24. a3 Rd8 25. Qc3 Qd7 26. a4 a6 27. axb5 axb5 28. Ra5 Qc6 29. Qb4 e3 30. f3 Qf6 31. Qxb5 Rd2 32. Qe5 Qxe5 33. Rxe5 Re8 34. Rb5 Ra8 35. Rc1 Ra2 36. Re5 Raxb2 37. Rxe3 Rdc2 38. Rc3 Rxc1+ 39. Rxc1 Rb3 40. Kf2 h6 41. Ng2 g5 42. hxg5 hxg5 43. Ne3 Rb4 44. Ra1 Kg7 45. Ra5 Kf6 46. Rc5 Ra4 47. Ng4+ Ke6 48. Rxg5 Kd6 49. Ne3 c3 50. Rg7 Bc4 51. Rg6+ Kc5 52. Rg5+ Kb4 53. Rg4 Kb3 54. Re4 c2 55. Nxc2 Kxc2 56. g4 Kc3 57. g5 Ra5 58. f4 Bd5 59. Re5 Kd4 60. e3+ Kc4 61. e4 Ra2+ 62. Kg3 Bc6 63. g6 Kd4 64. Re6 Bxe4 65. g7 Rg2+ 66. Kh4 Rxg7 67. Kh5 Ke3 68. f5 Kf4 69. f6 Rf7 70. Rxe4+ Kxe4 71. Kg6 Rf8 72. f7 Ke5 73. Kg7 Ra8 74. f8=Q Rxf8 75. Kxf8 1/2-1/2


[Site "https://www.chess.com"]

[Event "Titled Tuesday Blitz May 18 2021"]
[White "Postny, Evgeny"]
[Black "Eljanov, Pavel"]
[WhiteFideId "2804344"]
[BlackFideId "14102951"]
[WhiteElo "2537"]
[BlackElo "2602"]
[Result "1-0"]
[Round "10"]
[TimeControl "180+1"]
[Date "2021.05.18"]
[WhiteClock "0:00:02"]
[BlackClock "0:00:02"]

1. d4 Nf6 2. Nf3 e6 3. Bg5 h6 4. Bxf6 Qxf6 5. e4 d6 6. Nc3 g6 7. Qd2 Bg7 8. O-O-O O-O 9. h4 a6 10. h5 g5 11. e5 Qe7 12. Bd3 Nc6 13. Rde1 dxe5 14. Nxe5 Nxd4 15. Qe3 Nf5 16. Qe4 Qc5 17. Ng4 Rd8 18. Rh3 Bd7 19. Ne5 Be8 20. Rf3 Qxe5 21. Qxe5 Bxe5 22. Rxe5 Nh4 23. Rg3 Kg7 24. f4 f6 25. Rxe6 Bf7 26. Re7 Rac8 27. fxg5 fxg5 28. Bc4 Rf8 29. Rd3 Nf5 30. Red7 Nd6 31. Be6 Kf6 32. Rxf7+ Rxf7 33. Bxc8 Nxc8 34. Nd5+ Ke5 35. c4 Nd6 36. b3 Nf5 37. Kb2 c6 38. Nb6 Kf4 39. c5 Kg4 40. Nc4 Kxh5 41. Ne5 Re7 42. g4+ Kh4 43. Ng6+ Kxg4 44. Nxe7 Nxe7 45. Rd7 Nd5 46. Rxb7 h5 47. Ra7 h4 48. Rxa6 h3 49. Rxc6 Kh5 50. Rc8 g4 51. Rh8+ Kg6 52. c6 Kg7 53. Rh4 1-0


[Site "https://www.chess.com"]

[Event "Titled Tuesday Blitz May 18 2021"]
[White "Salem, A.R. Saleh"]
[Black "Seo, Jung Min"]
[WhiteFideId "9301348"]
[BlackFideId "1734687"]
[WhiteElo "2659"]
[BlackElo "2486"]
[Result "1-0"]
[Round "10"]
[TimeControl "180+1"]
[Date "2021.05.18"]
[WhiteClock "0:00:45"]
[BlackClock "0:01:41"]

1. d4 Nf6 2. c4 e6 3. Nf3 d5 4. Nc3 Be7 5. Bg5 O-O 6. e3 Nbd7 7. Bd3 a6 8. cxd5 Nxd5 9. Nxd5 exd5 10. Bxe7 Qxe7 11. Qc2 Nf6 12. O-O h6 13. Ne5 c6 14. f4 Ne4 15. Bxe4 dxe4 16. f5 Re8 17. Rf4 f6 18. Qb3+ Kh7 19. Ng6 Qc7 20. g4 c5 21. d5 b5 22. Rd1 Qd6 23. Rf2 c4 24. Qc2 Bd7 25. Nf4 Qe5 26. d6 Bc6 27. b4 a5 28. Ng6 1-0


[Site "https://www.chess.com"]

[Event "Titled Tuesday Blitz May 18 2021"]
[White "Sanchez Alvares, Kelvin Antonio"]
[Black "Shipov, Sergei"]
[WhiteFideId "3906680"]
[BlackFideId "4113624"]
[WhiteElo "2247"]
[BlackElo "2776"]
[Result "0-1"]
[Round "10"]
[TimeControl "180+1"]
[Date "2021.05.18"]
[WhiteClock "0:00:40"]
[BlackClock "0:01:06"]

1. d4 Nf6 2. c4 c5 3. d5 b5 4. cxb5 a6 5. bxa6 g6 6. Nc3 Bg7 7. e4 d6 8. Bb5+ Nfd7 9. Nf3 Qa5 10. e5 O-O 11. Bxd7 Nxd7 12. exd6 Bxa6 13. dxe7 Rfe8 14. d6 Bxc3+ 15. bxc3 Qxc3+ 16. Bd2 Qd3 17. Be3 Qc3+ 18. Bd2 Qf6 19. Be3 Rab8 20. Rc1 Rb2 21. Rc2 Rxc2 22. Qxc2 Qxd6 23. Ng1 Ne5 24. Ne2 Nd3+ 25. Kf1 Rxe7 26. Kg1 Nb4 27. Qb2 Qd1# 0-1


[Site "https://www.chess.com"]